PCL
SANTA MONICA BRUINS @ MEXICO CITY CERVECEROS
04/25/2024
 
TOP OF THE 1ST
Santa Monica Bruins batting - Pitching for Mexico City Cerveceros : RHP Ángelo Gusmán
Pitching: RHP Ángelo Gusmán
Batting: RHB Iván De Jesús 0-0: Ball
1-0: Hit by Pitch
Batting: RHB Mark Hosley 0-0: Ball
1-0: Swinging Strike
1-1: Called Strike
1-2: Strikes out swinging
Batting: LHB Patrick Osborne 0-0: Ball
1-0: Ball
2-0: SINGLE (Line Drive, 56D)
Iván De Jesús to second
Batting: LHB Pablo Rivas 0-0: Called Strike
0-1: Ball
1-1: Ball
Iván De Jesús steals 3rd base
Patrick Osborne to second
2-1: Swinging Strike
2-2: Ball
3-2: Foul Ball, location: 2F
3-2: Strikes out swinging
Batting: LHB Germán Charfauros 0-0: Ground out 4-3 (Groundball, 34)
Top of the 1st over - 0 run(s), 1 hit(s), 0 error(s), 2 left on base; Santa Monica 0 - Mexico City 0
BOTTOM OF THE 1ST
Mexico City Cerveceros batting - Pitching for Santa Monica Bruins : RHP Rafael Blanco
Pitching: RHP Rafael Blanco
Batting: LHB Javier Escobedo 0-0: Bunt missed!
0-1: Ball
1-1: SINGLE (Groundball, 4MD) (infield hit)
Batting: RHB Iván Gonzáles 0-0: Ball
Javier Escobedo steals 2nd base
1-0: Foul Ball, location: 2F
1-1: Ball
2-1: Ball
3-1: Foul Ball, location: 2F
3-2: Ground out 3-1 (Groundball, 34)
Javier Escobedo to third
Batting: LHB Robinson Fernández 0-0: SINGLE (Line Drive, 6)
Javier Escobedo scores
Batting: LHB Eduardo Gómez 0-0: Ball
1-0: Called Strike
1-1: Ball
2-1: Foul Ball, location: 2F
2-2: Strikes out looking
Batting: LHB Cristóbal Cintrón 0-0: Called Strike
0-1: Ball
1-1: Swinging Strike
1-2: Ball
2-2: Strikes out swinging
Bottom of the 1st over - 1 run(s), 2 hit(s), 0 error(s), 1 left on base; Santa Monica 0 - Mexico City 1
TOP OF THE 2ND
Santa Monica Bruins batting - Pitching for Mexico City Cerveceros : RHP Ángelo Gusmán
Batting: RHB Juan Acuña 0-0: Called Strike
0-1: Swinging Strike
0-2: Foul Ball, location: 2F
0-2: Ball
1-2: Ball
2-2: Ball
3-2: Strikes out looking
Batting: LHB Ken Poche 0-0: Ball
1-0: Foul Ball, location: 2F
1-1: Called Strike
1-2: Strikes out swinging
Batting: RHB Miguel Moreno 0-0: Foul Ball, location: 2F
0-1: Foul Ball, location: 2F
0-2: SINGLE (Line Drive, 6M)
Batting: LHB Greg Schultz 0-0: Ball
1-0: Ball
2-0: Ball
3-0: Base on Balls
Miguel Moreno to second
Batting: RHB Iván De Jesús 0-0: Ball
1-0: Called Strike
1-1: Swinging Strike
1-2: Foul Ball, location: 2F
1-2: Fielders Choice at 2nd, 5-4 (Groundball, 56)
Top of the 2nd over - 0 run(s), 1 hit(s), 0 error(s), 1 left on base; Santa Monica 0 - Mexico City 1
BOTTOM OF THE 2ND
Mexico City Cerveceros batting - Pitching for Santa Monica Bruins : RHP Rafael Blanco
Batting: RHB Robert Johnson 0-0: SOLO HOME RUN (Flyball, 78XD), Distance : 412 ft
Batting: RHB Henning Huisman 0-0: Called Strike
0-1: Ball
1-1: Ball
2-1: Ball
3-1: Swinging Strike
3-2: Strikes out looking
Batting: LHB Brandon Cummings 0-0: Called Strike
0-1: Ball
1-1: Foul Ball, location: 2F
1-2: Fly out, F8 (Line Drive, 8RD)
Batting: RHB Arthur Dumais 0-0: Called Strike
0-1: Ball
1-1: Ball
2-1: Ground out 6-3 (Groundball, 6M)
Bottom of the 2nd over - 1 run(s), 1 hit(s), 0 error(s), 0 left on base; Santa Monica 0 - Mexico City 2
TOP OF THE 3RD
Santa Monica Bruins batting - Pitching for Mexico City Cerveceros : RHP Ángelo Gusmán
Batting: RHB Mark Hosley 0-0: Swinging Strike
0-1: Ball
1-1: Fly out, F8 (Flyball, 8LM)
Batting: LHB Patrick Osborne 0-0: Ball
1-0: Fly out, F5 (Popup, 5SF)
Batting: LHB Pablo Rivas 0-0: Ball
1-0: SINGLE (Line Drive, 34D)
Batting: LHB Germán Charfauros 0-0: Swinging Strike
0-1: Ball
1-1: Ground out 4-3 (Groundball, 34)
Top of the 3rd over - 0 run(s), 1 hit(s), 0 error(s), 1 left on base; Santa Monica 0 - Mexico City 2
BOTTOM OF THE 3RD
Mexico City Cerveceros batting - Pitching for Santa Monica Bruins : RHP Rafael Blanco
Batting: LHB Javier Escobedo 0-0: Ball
1-0: Ground out 4-3 (Groundball, 4)
Batting: RHB Iván Gonzáles 0-0: Ball
1-0: Called Strike
1-1: Foul Ball, location: 2F
1-2: Ball
2-2: Ground out 1-3 (Groundball, 25)
Batting: LHB Robinson Fernández 0-0: Ball
1-0: Foul Ball, location: 2F
1-1: Ball
2-1: Called Strike
2-2: Foul Ball, location: 2F
2-2: Ball
3-2: Foul Ball, location: 2F
3-2: Base on Balls
Batting: LHB Eduardo Gómez 0-0: Foul Ball, location: 2F
0-1: Ball
1-1: Foul Ball, location: 2F
1-2: Ground out U3 (Groundball, 3S)
Bottom of the 3rd over - 0 run(s), 0 hit(s), 0 error(s), 1 left on base; Santa Monica 0 - Mexico City 2
TOP OF THE 4TH
Santa Monica Bruins batting - Pitching for Mexico City Cerveceros : RHP Ángelo Gusmán
Batting: RHB Juan Acuña 0-0: Called Strike
0-1: Called Strike
0-2: Strikes out looking
Batting: LHB Ken Poche 0-0: Called Strike
0-1: Ball
1-1: Called Strike
1-2: Ball
2-2: Ball
3-2: Base on Balls
Batting: RHB Miguel Moreno 0-0: Ball
1-0: Ball
2-0: Ball
3-0: Called Strike
3-1: Foul Ball, location: 2F
3-2: Fly out, F6 (Line Drive, 6)
Batting: LHB Greg Schultz 0-0: Ball
1-0: Ball
2-0: Called Strike
2-1: Ball
3-1: Called Strike
3-2: Base on Balls
Ken Poche to second
Batting: RHB Iván De Jesús 0-0: Foul Ball, location: 2F
0-1: Ball
1-1: Ball
2-1: Ball
3-1: Base on Balls
Ken Poche to third
Greg Schultz to second
Batting: RHB Mark Hosley 0-0: SINGLE (Line Drive, 6D)
Ken Poche scores
Greg Schultz to third
Iván De Jesús to second
Runner from 3rd tries for Home, SAFE, throw made home
Iván De Jesús to third
Mark Hosley to second
Batting: LHB Patrick Osborne 0-0: Called Strike
0-1: Fly out, F7 (Flyball, 7M)
Top of the 4th over - 2 run(s), 1 hit(s), 0 error(s), 2 left on base; Santa Monica 2 - Mexico City 2
BOTTOM OF THE 4TH
Mexico City Cerveceros batting - Pitching for Santa Monica Bruins : RHP Rafael Blanco
Batting: LHB Cristóbal Cintrón 0-0: Called Strike
0-1: Ball
1-1: Ball
2-1: Called Strike
2-2: Ball
3-2: Base on Balls
Batting: RHB Robert Johnson 0-0: SINGLE (Line Drive, 7S)
Cristóbal Cintrón to second
Batting: RHB Henning Huisman 0-0: Swinging Strike
0-1: Swinging Strike
0-2: Strikes out swinging
Batting: LHB Brandon Cummings 0-0: Called Strike
0-1: Called Strike
0-2: Grounds into double play, U4-3 (Groundball, 4)
Bottom of the 4th over - 0 run(s), 1 hit(s), 0 error(s), 1 left on base; Santa Monica 2 - Mexico City 2
TOP OF THE 5TH
Santa Monica Bruins batting - Pitching for Mexico City Cerveceros : RHP Ángelo Gusmán
Batting: LHB Pablo Rivas 0-0: Called Strike
0-1: Ball
1-1: DOUBLE (Line Drive, 9LM)
Batting: LHB Germán Charfauros 0-0: Ball
1-0: Ground out 1-3 (Groundball, 13)
Pablo Rivas to third
Batting: RHB Juan Acuña 0-0: Fly out, F7 (Flyball, 78S)
Batting: LHB Ken Poche 0-0: Ball
1-0: Called Strike
1-1: Ball
2-1: Foul Ball, location: 2F
2-2: DOUBLE (Line Drive, 8LXD)
Pablo Rivas scores
Batting: RHB Miguel Moreno 0-0: Ball
1-0: Called Strike
1-1: Foul Ball, location: 2F
1-2: Strikes out swinging
Top of the 5th over - 1 run(s), 2 hit(s), 0 error(s), 1 left on base; Santa Monica 3 - Mexico City 2
BOTTOM OF THE 5TH
Mexico City Cerveceros batting - Pitching for Santa Monica Bruins : RHP Rafael Blanco
Batting: RHB Arthur Dumais 0-0: Swinging Strike
0-1: Foul Ball, location: 2F
0-2: Ground out 1-3 (Groundball, 13S)
Batting: LHB Javier Escobedo 0-0: Foul Ball, location: 2F
0-1: Ground out 3-1 (Groundball, 34)
Batting: RHB Iván Gonzáles 0-0: Ball
1-0: Foul Ball, location: 2F
1-1: Foul Ball, location: 2F
1-2: Ball
2-2: Ground out 5-3 (Groundball, 56)
Bottom of the 5th over - 0 run(s), 0 hit(s), 0 error(s), 0 left on base; Santa Monica 3 - Mexico City 2
TOP OF THE 6TH
Santa Monica Bruins batting - Pitching for Mexico City Cerveceros : RHP Ángelo Gusmán
Pitching: RHP David Green
Batting: LHB Greg Schultz 0-0: Foul Ball, location: 2F
Reached via error on a dropped throw, E1
Batting: RHB Iván De Jesús 0-0: Ball
1-0: Called Strike
1-1: Foul Ball, location: 2F
1-2: Ball
2-2: Grounds into double play, U6-3 (Groundball, 6)
Batting: RHB Mark Hosley 0-0: Foul Ball, location: 2F
0-1: Ball
1-1: Ground out 6-3 (Groundball, 6MS)
Top of the 6th over - 0 run(s), 0 hit(s), 1 error(s), 0 left on base; Santa Monica 3 - Mexico City 2
BOTTOM OF THE 6TH
Mexico City Cerveceros batting - Pitching for Santa Monica Bruins : RHP Rafael Blanco
Batting: LHB Robinson Fernández 0-0: Ball
1-0: Swinging Strike
1-1: Ground out 5-3 (Groundball, 5S)
Batting: LHB Eduardo Gómez 0-0: Ball
1-0: SINGLE (Groundball, 4M)
Batting: LHB Cristóbal Cintrón 0-0: Called Strike
0-1: Ball
1-1: Foul Ball, location: 2F
1-2: Ball
2-2: Ball
3-2: Foul Ball, location: 2F
3-2: Foul Ball, location: 2F
3-2: SINGLE (Line Drive, 34D)
Eduardo Gómez to second
Batting: RHB Robert Johnson 0-0: Ball
1-0: Ball
2-0: SINGLE (Groundball, 34D)
Eduardo Gómez to third
Cristóbal Cintrón to second
Batting: RHB Henning Huisman 0-0: Ball
1-0: Fly out, F7 (Flyball, 78S)
Batting: LHB Brandon Cummings 0-0: Called Strike
0-1: Called Strike
0-2: Foul Ball, location: 2F
0-2: Ball
1-2: Foul Ball, location: 2F
1-2: Ball
2-2: Ball
3-2: Strikes out swinging
Bottom of the 6th over - 0 run(s), 3 hit(s), 0 error(s), 3 left on base; Santa Monica 3 - Mexico City 2
TOP OF THE 7TH
Santa Monica Bruins batting - Pitching for Mexico City Cerveceros : RHP David Green
Batting: LHB Patrick Osborne 0-0: Called Strike
0-1: Ball
1-1: Ground out 3-1 (Groundball, 34)
Batting: LHB Pablo Rivas 0-0: Called Strike
0-1: Called Strike
0-2: Foul Ball, location: 2F
0-2: Strikes out looking
Batting: LHB Germán Charfauros 0-0: Foul Ball, location: 2F
0-1: Ball
1-1: Ball
2-1: Foul Ball, location: 2F
2-2: Foul Ball, location: 2F
2-2: DOUBLE (Flyball, 8RD)
Pinch Hitting: LHB Raúl Guerra 0-0: Ball
1-0: Ball
2-0: Called Strike
2-1: Ball
3-1: Foul Ball, location: 2F
3-2: Foul Ball, location: 2F
3-2: Base on Balls
Batting: LHB Ken Poche 0-0: Foul Ball, location: 2F
0-1: Ball
1-1: Ground out 4-3 (Groundball, 4)
Top of the 7th over - 0 run(s), 1 hit(s), 0 error(s), 2 left on base; Santa Monica 3 - Mexico City 2
BOTTOM OF THE 7TH
Mexico City Cerveceros batting - Pitching for Santa Monica Bruins : RHP Rafael Blanco
Pitching: RHP Estefan Jiménez
Now at SS: Armando Méndez
Batting: RHB Arthur Dumais 0-0: Ball
1-0: Foul Ball, location: 2F
1-1: Swinging Strike
1-2: Foul Ball, location: 2F
1-2: Strikes out swinging
Batting: LHB Javier Escobedo 0-0: Ball
1-0: Swinging Strike
1-1: Called Strike
1-2: SOLO HOME RUN (Flyball, 9D), Distance : 351 ft
Batting: RHB Iván Gonzáles 0-0: Foul Ball, location: 2F
0-1: Reached on error, E4 (Groundball, 4)
Batting: LHB Robinson Fernández 0-0: Intentional Walk
Batting: LHB Eduardo Gómez 0-0: Ball
1-0: Ball
2-0: Called Strike
2-1: Swinging Strike
2-2: SINGLE (Line Drive, 9S)
Iván Gonzáles to third
Robinson Fernández to second
Runner from 3rd tries for Home, SAFE, throw made home
Robinson Fernández to third
Eduardo Gómez to second
Batting: LHB Cristóbal Cintrón 0-0: Intentional Walk
Batting: RHB Robert Johnson 0-0: SINGLE (Line Drive, 9S)
Robinson Fernández scores
Eduardo Gómez to third
Cristóbal Cintrón to second
Runner from 3rd tries for Home, SAFE, throw made home
Pitching: RHP Mark Ross
Batting: RHB Henning Huisman 0-0: Ball
1-0: Foul Ball, location: 2F
1-1: SINGLE (Flyball, 9S)
Cristóbal Cintrón to third
Robert Johnson to second
Batting: LHB Brandon Cummings 0-0: Ball
1-0: Called Strike
1-1: Ball
2-1: Foul Ball, location: 2F
2-2: Ball
3-2: Fly out, F3 (Popup, 3L)
Pinch Hitting: RHB Dave Morgan 0-0: Called Strike
0-1: Swinging Strike
0-2: Foul Ball, location: 2F
0-2: GRAND SLAM HOME RUN (Flyball, 89XD), Distance : 386 ft
Batting: LHB Javier Escobedo 0-0: Called Strike
0-1: Foul Ball, location: 2F
0-2: Ball
1-2: Ball
2-2: Fly out, F5 (Popup, 5D)
Bottom of the 7th over - 8 run(s), 5 hit(s), 1 error(s), 0 left on base; Santa Monica 3 - Mexico City 10
TOP OF THE 8TH
Santa Monica Bruins batting - Pitching for Mexico City Cerveceros : RHP David Green
Pitching: RHP Bartolo Muñóz
Now at 2B: Ricardo Márquez
Now in LF: Jesús Núñez
Now in CF: Víctor Carrillo
Batting: RHB Miguel Moreno 0-0: Ball
1-0: Fly out, F3 (Popup, 3SF)
Batting: LHB Greg Schultz 0-0: Ball
1-0: Foul Ball, location: 2F
1-1: Called Strike
1-2: Strikes out looking
Batting: RHB Iván De Jesús 0-0: Called Strike
0-1: Ball
1-1: DOUBLE (Line Drive, 9LM)
Batting: RHB Mark Hosley Balk!
Iván De Jesús to third
0-0: Ball
1-0: Foul Ball, location: 2F
1-1: SINGLE (Line Drive, 7LS)
Iván De Jesús scores
Batting: LHB Patrick Osborne 0-0: Swinging Strike
0-1: Ball
1-1: Ball
2-1: DOUBLE (Line Drive, 78M)
Mark Hosley to third
Batting: LHB Pablo Rivas 0-0: Ball
1-0: Ball
2-0: Ball
3-0: Called Strike
3-1: Base on Balls
Batting: LHB Germán Charfauros 0-0: Ground out U3 (Groundball, 3S)
Top of the 8th over - 1 run(s), 3 hit(s), 0 error(s), 3 left on base; Santa Monica 4 - Mexico City 10
BOTTOM OF THE 8TH
Mexico City Cerveceros batting - Pitching for Santa Monica Bruins : RHP Mark Ross
Batting: RHB Iván Gonzáles 0-0: Foul Ball, location: 2F
0-1: Called Strike
0-2: Ball
1-2: Strikes out swinging
Batting: LHB Robinson Fernández 0-0: Ball
1-0: Foul Ball, location: 2F
1-1: Ball
2-1: SOLO HOME RUN (Flyball, 9D), Distance : 368 ft
Batting: LHB Eduardo Gómez 0-0: Swinging Strike
0-1: Swinging Strike
0-2: Ball
1-2: Ball
2-2: Ball
3-2: Base on Balls
Batting: LHB Cristóbal Cintrón 0-0: SINGLE (Line Drive, 78M)
Eduardo Gómez to second
Batting: RHB Robert Johnson 0-0: Ball
1-0: SINGLE (Line Drive, 6M)
Eduardo Gómez to third
Cristóbal Cintrón to second
Batting: LHB Jesús Núñez 0-0: Called Strike
0-1: Ball
1-1: Ball
2-1: Ball
3-1: Fly out, F8 (Flyball, 8LM)
Runner from 3rd tags up, SCORES, throw made
Batting: LHB Víctor Carrillo 0-0: Ball
1-0: Called Strike
1-1: Foul Ball, location: 2F
1-2: Ball
2-2: Ground out 1-3 (Groundball, 13S)
Bottom of the 8th over - 2 run(s), 3 hit(s), 0 error(s), 2 left on base; Santa Monica 4 - Mexico City 12
TOP OF THE 9TH
Santa Monica Bruins batting - Pitching for Mexico City Cerveceros : RHP Bartolo Muñóz
Batting: RHB Armando Méndez 0-0: Called Strike
0-1: Foul Ball, location: 2F
0-2: Strikes out swinging
Batting: LHB Ken Poche 0-0: Foul Ball, location: 2F
0-1: Foul Ball, location: 2F
0-2: Fly out, F6 (Popup, 6MD)
Batting: RHB Miguel Moreno 0-0: Ball
1-0: Called Strike
1-1: Foul Ball, location: 2F
1-2: Ball
2-2: Ball
3-2: Base on Balls
Batting: LHB Greg Schultz 0-0: Ball
1-0: Called Strike
1-1: Fly out, F7 (Line Drive, 78S)
Top of the 9th over - 0 run(s), 0 hit(s), 0 error(s), 1 left on base; Santa Monica 4 - Mexico City 12
This league is powered by Out of the Park Baseball, the baseball management simulation game for PC, Mac and Linux
Saturday, April 9th, 2016 - OOTP Baseball 16.8 Build 38